 Dungeon Crawl Stone Soup version 0.28-a0-1506-g3893175d92 (webtiles) character file.

Game seed: 10653926685876180997

39 freelancePsychic the Firebug (level 3, 0/22 (26) HPs)
             Began as a Demonspawn Fire Elementalist on Jan 13, 2022.
             Was a Follower of Kikubaaqudgha.
             Succumbed to an adder's poison
             ... on level 2 of the Dungeon.
             The game lasted 00:04:20 (2229 turns).

freelancePsychic the Firebug (DsFE)                 Turns: 2229, Time: 00:04:21

HP:   0/22 (26)     AC:  2    Str:  8    XL:     3   Next: 26%
MP:   0/0           EV: 12    Int: 21    God:    Kikubaaqudgha [*.....]
Gold: 88            SH:  0    Dex: 13    Spells: 4/7 levels left

rFire   . . .      SeeInvis .   d - +9 demon blade of Terra Cotta {drain, rElec rPois MP-9 Int+3}
rCold   . . .      Faith    .   (no shield)
rNeg    . . .      Spirit   .   a - +0 robe
rPois   +          Reflect  .   (helmet restricted)
rElec   +          Harm     .   (no cloak)
rCorr   +          Rampage  .   (no gloves)
Will    .....                   (no boots)
Stlth   ++........              (no amulet)
HPRegen 0.07/turn               h - ring of resist corrosion
MPRegen 0.07/turn               (no ring)

@: lethally poisoned (0 -> -1), heavily drained
A: horns 1, foul stench 1
a: Renounce Religion, Receive Corpses


You were on level 2 of the Dungeon.
You worshipped Kikubaaqudgha.
Kikubaaqudgha was aware of your devotion.
You visited 1 branch of the dungeon, and saw 2 of its levels.

You collected 88 gold pieces.

Inventory:

Hand Weapons
 c - a +1 dagger of venom
 d - the +9 demon blade of Terra Cotta (weapon) {drain, rElec rPois MP-9 Int+3}
   (You acquired it on level 2 of the Dungeon)

   A truly terrible weapon, it drains the life of any living foe it strikes.
   Int:       It affects your intelligence (+3).
   rElec:     It insulates you from electricity.
   rPois:     It protects you from poison.
   MP:        It affects your magic capacity (-9).
Missiles
 f - a throwing net
Armour
 a - a +0 robe (worn)
 e - a +0 ring mail
Jewellery
 h - a ring of resist corrosion (left hand)
Scrolls
 b - a scroll of torment
 g - a scroll of identify {@r1}
Potions
 k - a potion of flight {unknown}


   Skills:
 + Level 1.4 Fighting
 - Level 1.7 Dodging
 - Level 1.7 Stealth
 + Level 2.5 Spellcasting
 - Level 1.0 Conjurations
 + Level 3.2 Fire Magic


You had 4 spell levels left.
You knew the following spells:

 Your Spells              Type           Power      Damage    Failure   Level
a - Foxfire               Conj/Fire      44%        2x1d6     6%          1
b - Scorch                Fire           32%        2d7       5%          2

Your spell library contained the following spells:

 Spells                   Type           Power      Damage    Failure   Level
 Animate Skeleton         Necr           4%         N/A       14%         1
 Pain                     Necr           8%         1d4       14%         1
 Conjure Flame            Conj/Fire      11%        6-21      17%         3
 Corpse Rot               Necr/Air       4%         N/A       22%         2
 Inner Flame              Hex/Fire       9%         N/A       22%         3
 Tukima's Dance           Hex            2%         N/A       38%         3
 Flame Wave               Conj/Fire      11%        2d5       50%         4
 Passage of Golubria      Tloc           2%         N/A       80%         4
 Agony                    Necr           2%         N/A       98%         5
 Yara's Violent Unravell  Hex/Tmut       1%         3d3       98%         5


Dungeon Overview and Level Annotations

Branches:
Dungeon (2/15)

Altars:
Kikubaaqudgha

Annotations:
D:2 Terence


Innate Abilities, Weirdness & Mutations

You have a pair of small horns on your head.
You may rarely emit foul miasma when damaged in melee.


Message History

You feel sick.
You feel better. The adder bites you.
You are poisoned.
The adder poisons you!
You feel sick.
You hit the adder.
You headbutt the adder, but do no damage.
The adder is moderately wounded.
You feel sick. The adder barely misses you. The adder closely misses you.
You barely miss the adder. Your headbutt misses the adder.
The adder is moderately wounded.
You feel sick. The adder barely misses you.
You feel sick.
You are no longer poisoned.
As you read the scroll labelled JAEQOA IKIU, it crumbles to dust.
It is a scroll of identify.
b - a scroll of torment The adder bites you.
* * * LOW HITPOINT WARNING * * *
You are lethally poisoned!
The adder poisons you! The adder barely misses you.
As you read the scroll labelled ZOIM REMORR, it crumbles to dust.
You assume a fearsome visage.
Terence looks frightened!
The adder looks frightened!
It was a scroll of fear.
* * * LOW HITPOINT WARNING * * *
You feel sick.
Terence begs, "Why can't we all just get along?"
This is a scroll of acquirement!
Something appears at your feet!
* * * LOW HITPOINT WARNING * * *
You feel sick.
d - the +9 demon blade of Terra Cotta {drain, rElec rPois MP-9 Int+3}
* * * LOW HITPOINT WARNING * * *
You feel sick.
Your +1 dagger of venom stops dripping with poison.
You feel clever.
You sense an unholy aura.
d - the +9 demon blade of Terra Cotta (weapon)
{drain, rElec rPois MP-9 Int+3} You die...
Kikubaaqudgha rasps: "You have failed me!
Welcome... death!"

#.##.##........# #####.##
#..............# #......#
#..............# #.###..#
#.##.##........# #.###..#
#. #.##........# #.##...#
# #.#.........# #.##.#.#
#.##........#.## #......#
#..>.....####.# ####.###
###......###@#######.#####
##....#..S...#...>.......#
#.....##.#####.###.#####.#
## #......#.# #)#
#.#####.#### .#
#......#.#####.#
#.##.......#
.#####...#.........#
#.##.##.....
.....##......#.#####
#.......##.#
..##.#########.##
####.##.##.. ..##.# #...#
#.#<..###


You could see an adder (fleeing).

Vanquished Creatures
  7 bats
  3 endoplasms
  A giant cockroach (D:1)
  4 goblins
  4 hobgoblins
  3 jackals (D:2)
  3 kobolds (D:1)
  3 quokkas
  3 ball pythons
  2 rats (D:1)
33 creatures vanquished.

Vanquished Creatures (others)
  29 foxfires
  A fungus (D:2)
30 creatures vanquished.

Grand Total: 63 creatures vanquished

Notes
Turn   | Place    | Note
-------+----------+-------------------------------------------
     0 | D:1      | freelancePsychic the Demonspawn Fire Elementalist began the
                  | quest for the Orb.
     0 | D:1      | Reached XP level 1. HP: 13/13 MP: 3/3
   377 | D:1      | Gained mutation: You may rarely emit foul miasma when
                  | damaged in melee. [demonic ancestry]
   377 | D:1      | Reached XP level 2. HP: 17/20 MP: 5/5
   443 | D:1      | Learned a level 2 spell: Scorch
   614 | D:1      | Reached skill level 3 in Fire Magic
   616 | D:1      | Reached skill level 1 in Fighting
  1541 | D:2      | Found a faded altar of an unknown god.
  1569 | D:2      | Prayed at the altar of an unknown god.
  1569 | D:2      | Became a worshipper of Kikubaaqudgha
  1569 | D:2      | Reached * piety under Kikubaaqudgha
  1569 | D:2      | Received a gift from Kikubaaqudgha
  1659 | D:2      | Gained mutation: You have a pair of small horns on your
                  | head. [demonic ancestry]
  1659 | D:2      | Reached XP level 3. HP: 24/26 MP: 6/6
  2194 | D:2      | Noticed Terence
  2227 | D:2      | Identified a scroll of acquirement
  2227 | D:2      | Acquired the +9 demon blade of Terra Cotta {drain, rElec
                  | rPois MP-9 Int+3}
  2228 | D:2      | HP: 1/22 [poisoned by an adder]
  2229 | D:2      | Succumbed to an adder's poison

Illustrated notes

Levels and vault maps discovered:
D:1:      amcnicky_arrival_double_pillar, layout_loops_ring, hex_medium,
          st_stairs_6, minmay_tetromino_l4
D:2:      layout_loops_cross, dreamdust_ecumenical_altar_grove,
          kennysheep_generic_room_15, uniq_terence

Skill      XL: |  1  2 |
---------------+-------+-----
Fire Magic     | 3 |  3.2
Fighting       | 1 |  1.4
Dodging        | |  1.7
Stealth        | |  1.7
Spellcasting   | |  2.5
Conjurations   | |  1.0

Action                   || total
-------------------------++-------
Melee: Dagger            ||    37
       Headbutt          ||     4
 Cast: Foxfire           ||    17
       Scorch            ||    13
  Use: Scroll            ||     3
       Potion            ||     2
 Stab: Sleeping          ||     1
Armor: Robe              ||     8
Dodge: Dodged            ||    30

Table legend: (Time is in decaauts)
 A = Elapsed time spent in this place.
 B = Non-inter-level travel time spent in this place.
 C = Inter-level travel time spent in this place.
 D = Time resting spent in this place.
 E = Time spent auto-exploring this place.
 F = Levels seen in this place.
 G = Mean time per level.
                   A        B        C        D        E       F      G
               +--------+--------+--------+--------+--------+-----+--------+
         Total |   2227 |   2203 |     24 |      0 |   1911 |   2 | 1113.5 |
       Dungeon |   2227 |   2203 |     24 |      0 |   1911 |   2 | 1113.5 |
               +--------+--------+--------+--------+--------+-----+--------+

Top non-repeatable levels by time:
     D:1: 1471 daAuts
     D:2: 756 daAuts
